AoeStats
← Hodor

Arabia

510848576Analyzed
1v1 RM · 20h ago on Oct 2, 2026· 44m 23s· 2 players
Game mode
Random Map
Map size
Tiny (2 player)
Population
200
Speed
Normal
Resources
Standard
Victory
Conquest
Starting age
Dark Age
Ending age
Imperial Age
RankedLock teamsTeams togetherTeam positionsShared explorationLock speedFull tech treeHidden civsTurbo modeCheats
Victory
Defeat
🇺🇸 Goths · United States
1243
+15
🇦🇷 Malians · Argentina
1221
-15
Hodor
6:08 Loom
8:58 Feudal Age
9:05 Man-at-Arms
9:46 Double-Bit Axe
17:56 Arson
22:36 Castle Age
20:47 Fletching
21:01 Horse Collar
21:13 Gold Mining
22:01 Scale Mail Armor
22:35 Padded Archer Armor
22:53 Crossbowman
23:50 Leather Archer Armor
24:38 Bow Saw
25:09 Bodkin Arrow
27:27 Thumb Ring
30:14 Wheelbarrow
29:26 Town Watch
33:26 Ballistics
40:54 Imperial Age
39:14 Scale Barding Armor
39:19 Forging
39:58 Husbandry
40:09 Bloodlines
40:37 Chain Barding Armor
45:16 Plate Barding Armor
Blake Beartles
8:25 Loom
11:32 Feudal Age
11:34 Man-at-Arms
16:08 Fletching
16:32 Forging
23:24 Castle Age
21:52 Double-Bit Axe
21:57 Horse Collar
23:51 Bloodlines
23:51 Scale Barding Armor
24:16 Heavy Plow
26:08 Iron Casting
28:02 Fletching
28:17 Crossbowman
28:21 Elite Skirmisher
29:08 Husbandry
31:35 Bodkin Arrow
32:05 Ballistics
32:17 Bow Saw
32:33 Light Cavalry
33:22 Gold Mining
36:02 Padded Archer Armor
40:44 Imperial Age
39:12 Chain Barding Armor
41:21 Cavalier
44:42 Chemistry
Connection lost

Rejoining the realm…

Still unreachable

The connection could not be restored.

Session expired

The server has moved on; the page needs a fresh start.